 Dungeon Crawl Stone Soup version 0.31-a0-986-g5e6e4ef867 (webtiles) character file.

Game seed: 6468242686012139500

3 Vomitron the Sneak (level 1, 12/14 HPs)
             Began as a Vampire Brigand on Nov 4, 2023.
             Quit the game on level 1 of the Dungeon.
             The game lasted 00:01:25 (75 turns).

Vomitron the Sneak (Vampire Brigand)                  Turns: 75, Time: 00:01:26

Health: 12/14      AC:  3    Str: 10    XL:     1   Next: 41%
Magic:  1/1        EV: 12    Int: 13    God:
Gold:   0          SH:  0    Dex: 15    Spells: 0/0 levels left

rFire   . . .        a - +2 dagger
rCold   . . .        (no shield)
rNeg    . . .        b - +0 robe
rPois   .            (no helmet)
rElec   .            c - +0 cloak
rCorr   .            (no gloves)
SInv    +            (no boots)
Will    .....        (no amulet)
Stlth   +++          (no ring)
HPRegen 0.42/turn    (no ring)
MPRegen 0.07/turn

%: no passive effects
@: healing quickly
A: alive, fangs 3, see invisible, vampiric 1, [frail 1]
a: Exsanguinate


You were on level 1 of the Dungeon.
You visited 1 branch of the dungeon, and saw 1 of its levels.

Inventory:

Hand Weapons
 a - a +2 dagger (weapon)
Missiles
 d - 9 poisoned darts (quivered)
 e - 3 curare-tipped darts
Armour
 b - a +0 robe (worn)
 c - a +0 cloak (worn)


   Skills:
 + Level 1.8 Fighting
 + Level 2.2 Short Blades
 + Level 1.6 Throwing
 + Level 1.2 Dodging
 + Level 5.9 Stealth


You couldn't memorise any spells.
You didn't know any spells.
Your spell library was empty.

Dungeon Overview and Level Annotations

Branches:
Dungeon (1/15)

Altars:


Innate Abilities, Weirdness & Mutations

Your natural rate of healing is accelerated.
You have razor-sharp teeth.
You have supernaturally acute eyesight. (SInv)
You are afflicted with vampirism.
[You are frail. (-10% HP)]


Message History

Welcome, Vomitron the Vampire Brigand.
It's a long way down to the Orb of Zot, but that shouldn't be any trouble.
Press ? for a list of commands and other information.
Found a staircase leading out of the dungeon.
Unknown command.
Okay, then.
Okay, then.
Okay, then.
You begin bloodletting.
You continue bloodletting. x5
HP restored.
You become bloodless.
You begin the revivification ritual.
You continue your ritual. x5
You return to life.
You feel frail.
Okay, then.
Found an escape hatch in the floor.
No target in view!
Found 3 stones.
There is an escape hatch in the floor here.
Found an escape hatch in the floor.
There is an escape hatch in the floor here.
A ball python comes into view.
Found a stone staircase leading down.
A ball python is nearby!
A ball python comes into view.
Found 8 gold pieces.
The helpless ball python fails to defend itself.
You impale the ball python!!
You kill the ball python!
A kobold comes into view. It is wielding a +0 whip.
The helpless ball python fails to defend itself.
You impale the ball python!!
You kill the ball python!
You see here a ball python corpse.
The kobold shouts!
The kobold hits you with a +0 whip.
You hit the kobold.
You kill the kobold!
Things that are here:
a +0 whip; a kobold corpse Are you sure you want to abandon this character and quit the game? (Confirm with "yes".)

.# ## ######.###
..>......# .. ##.#####.#
##. ###... #.# #.
..###.... ##.### ##..
#.#...# .....# ...##.#@#
##.### ###.......# #.#
#.#..#.#..#
##.#####.#..#...†#
............#..#.####..
........................
####..........##....####
####.#...#.#..##..#.#
......................


There were no monsters in sight!

Vanquished Creatures
  A kobold (D:1)
  2 ball pythons (D:1)
3 creatures vanquished.

Notes
Turn   | Place    | Note
-------+----------+-------------------------------------------
     0 | D:1      | Vomitron the Vampire Brigand began the quest for the Orb.
     0 | D:1      | Reached XP level 1. HP: 16/16 MP: 1/1
    75 | D:1      | Quit the game

Illustrated notes

Levels and vault maps discovered:
D:1:      evilmike_arrival_hilbert_curve, layout_basic

Action                     || total
---------------------------++-------
  Melee: Dagger            ||     3
Ability: Exsanguinate      ||     1
         Revivify          ||     1
   Stab: Sleeping          ||     2
 Armour: Robe              ||     1

Table legend: (Time is in decaauts)
 A = Elapsed time spent in this place.
 B = Non-inter-level travel time spent in this place.
 C = Inter-level travel time spent in this place.
 D = Time resting spent in this place.
 E = Time spent auto-exploring this place.
 F = Levels seen in this place.
 G = Mean time per level.
                   A        B        C        D        E       F      G
               +--------+--------+--------+--------+--------+-----+--------+
         Total |     74 |     74 |      0 |      0 |     40 |   1 |   74.0 |
       Dungeon |     74 |     74 |      0 |      0 |     40 |   1 |   74.0 |
               +--------+--------+--------+--------+--------+-----+--------+

Top non-repeatable levels by time:
     D:1: 74 daAuts
